 Dungeon Crawl Stone Soup version 0.29.0-13-gc9e81de378 (webtiles) character file.

Game seed: 16659430018452117191

252 browni3141 the Caller (level 6, -5/45 HPs)
             Began as a Ghoul Summoner on Sept 9, 2022.
             Was an Initiate of Kikubaaqudgha.
             Killed from afar by Sabo's ghost (6 damage)
             ... with a zap
             ... on level 4 of the Dungeon.
             The game lasted 00:11:01 (4628 turns).

browni3141 the Caller (Ghoul Summoner)              Turns: 4628, Time: 00:11:02

Health: -5/45      AC:  3    Str: 14    XL:     6   Next: 14%
Magic:  2/9        EV: 11    Int: 10    God:    Kikubaaqudgha [......]
Gold:   213        SH:  4    Dex:  9    Spells: 2/11 levels left

rFire   . . .      SeeInvis .   m - +2 spear (vorpal)
rCold   + . .      Faith    .   k - +0 buckler
rNeg    + + +      Spirit   .   a - +0 robe
rPois   ∞          Reflect  .   (no helmet)
rElec   .          Harm     .   (no cloak)
rCorr   .          Rampage  .   (no gloves)
Will    .....                   d - +0 pair of boots
Stlth   ++........              (no amulet)
HPRegen 0.00/turn               (no ring)
MPRegen 0.11/turn               (no ring)

@: inhibited regen
A: claws 1, cold resistance 1, negative energy resistance 3, inhibited
regeneration, torment resistance 2, devour on kill
a: Renounce Religion


You were on level 4 of the Dungeon.
You worshipped Kikubaaqudgha.
Kikubaaqudgha was noncommittal.
You visited 2 branches of the dungeon, and saw 5 of its levels.

You collected 213 gold pieces.


Innate Abilities, Weirdness & Mutations

You are immune to poison.
You have sharp fingernails.
Your flesh is cold resistant. (rC+)
You are immune to negative energy. (rN+++)
You do not regenerate when monsters are visible.
You are immune to unholy pain and torment.
You thrive by killing the living.


   Skills:
 - Level 1.7 Dodging
 - Level 2.1 Stealth
 * Level 2.8 Shields
 - Level 3.0 Spellcasting
 * Level 5.0 Summonings


You had 2 spell levels left.
You knew the following spells:

 Your Spells              Type           Power      Damage    Failure   Level
c - Call Imp              Summ           11%        N/A       7%          2
f - Call Canine Familiar  Summ           11%        N/A       14%         3
g - Summon Guardian Gole  Hex/Summ       6%         N/A       36%         3
z - Summon Small Mammal   Summ           44%        N/A       4%          1

Your spell library contained the following spells:

 Spells                   Type           Power      Damage    Failure   Level
 Sting                    Tmut/Pois      4%         1d3       36%         1
 Ensorcelled Hibernation  Hex/Ice        2%         N/A       50%         2
 Passwall                 Tmut/Erth      0%         N/A       50%         2
 Poisonous Vapours        Pois/Air       2%         N/A       50%         2
 Swiftness                Air            1%         N/A       73%         3
 Summon Lightning Spire   Summ/Air       6%         N/A       78%         4
 Olgreb's Toxic Radiance  Pois           1%         N/A       98%         4

Inventory:

Hand Weapons
 m - a +2 vorpal spear (weapon)
Missiles
 A - 6 poisoned darts {@f3}
Armour
 a - a +0 robe (worn)
 d - a +0 pair of boots (worn)
 k - a +0 buckler (worn)
 q - a +0 tower shield
 s - the -2 cloak of Parsimonious Lucidity {rElec rPois rF- rN+}
   (You found it on level 3 of the Dungeon)

   rF:        It makes you vulnerable to fire.
   rElec:     It insulates you from electricity.
   rPois:     It protects you from poison.
   rN:        It protects you from negative energy.
Magical Staves
 g - a staff of earth
 r - a staff of cold
Jewellery
 c - a ring of ice
 n - an amulet of the acrobat
 C - a ring of protection from cold
 F - a ring of fire
 G - an amulet of guardian spirit
Scrolls
 f - a scroll of teleportation {unknown}
 h - a scroll of fear {unknown}
 j - a scroll of torment {unknown}
 o - a scroll of identify {unknown}
 p - 2 scrolls of butterflies {unknown}
 v - a scroll of poison {unknown}
 x - a scroll of immolation {unknown}
 y - a scroll of amnesia {unknown}
 z - a scroll of enchant armour {unknown}
Potions
 e - a potion of haste {unknown}
 i - 3 potions of curing {unknown}
 l - a potion of attraction {unknown}
 t - 3 potions of cancellation {unknown}
 w - a potion of heal wounds {unknown}
Miscellaneous
 u - a piece from Xom's chessboard (15/15)

Dungeon Overview and Level Annotations

Branches:
Dungeon (4/15)             Temple (1/1) D:4

Altars:
Cheibriados
Dithmenos
Kikubaaqudgha
Okawaru
Qazlal
Ru
Sif Muna
Uskayaw
Wu Jian
Xom
Yredelemnul

Shops:
D:1 !

Annotations:
D:4 Sabo's ghost, amateur DEAE

.....# #<....'......# #.##.
.....# ¦¦¦¦¦¦¦####......# #.##.
.....## ¦.♣..♣¦..##......# #.##.
##....# ¦.(...¦..##).....# #.##.
##....# ¦...(.'..##......###.##.
##....## ¦(...r'..............##.
.......##¦..(.hW..##.###########.
.........¦(...(¦5.......>........
##.....##¦.....¦@.#####.###..####
##.....##¦¦¦¦¦¦¦.............#
.+.....##.###......<#)####...#
.#.....##...........#.####...####
................###..............
####.#.###......###..#.###.######
##...#.# #......#...##.# #[#
.......##########.#.##+###'####
.#.#.###.# #...#.#.........#


You could see Sabo's ghost (ally target), a friendly hound (summoned), a
friendly crimson imp (summoned) and a friendly rat (summoned).


Message History

Unknown command.
Magic courses through your body.
Your bat disappears in a puff of smoke!
Sabo's ghost hits you.
* * * LOW HITPOINT WARNING * * *
You feel your power leaking away.
Unknown command.
Casting: Summon Small Mammal (safe; 4% risk of failure)
Confirm with . or Enter, or press ? or * to list all spells.
Sabo's ghost promises, "I will read your future in your entrails."
Sabo's ghost closely misses you.
Unknown command.
Casting: Call Canine Familiar (dangerous; 14% risk of failure)
Confirm with . or Enter, or press ? or * to list all spells.
A beastly little devil appears in a puff of flame.
Sabo's ghost hits you but does no damage.
Your hound bites Sabo's ghost but does no damage.
Unknown command.
Casting: Call Imp (safe; 7% risk of failure)
Confirm with . or Enter, or press ? or * to list all spells.
Your hound closely misses Sabo's ghost.
Sabo's ghost points at you and mumbles some strange words.
The zap hits you!
* * * LOW HITPOINT WARNING * * *
Your hound barely misses Sabo's ghost.
Unknown command.
Sabo's ghost gestures at you while chanting.
The zap hits your crimson imp! The zap hits you.
You die...
Kikubaaqudgha rasps: "You have failed me!
Welcome... oblivion!"

Skill      XL: |  1  2  3  4  5  6 |
---------------+-------------------+-----
Spellcasting   | 2 3 |  3.0
Summonings     | 4 5 |  5.0
Shields        | 1 2 |  2.8
Dodging        | |  1.7
Stealth        | |  2.1

Action                   |  1- 3 |  4- 6 || total
-------------------------+-------+-------++-------
Melee: Unarmed           |    98 |       ||    98
       Spear             |    29 |   107 ||   136
 Cast: Summon Small Mamm |    35 |    18 ||    53
       Call Imp          |     3 |     6 ||     9
       Call Canine Famil |       |     3 ||     3
Evoke: Wand              |       |     3 ||     3
  Use: Potion            |       |     1 ||     1
 Stab: Distracted        |     1 |       ||     1
       Sleeping          |       |     4 ||     4
Armor: Robe              |    52 |    15 ||    67
Dodge: Dodged            |    91 |    45 ||   136
Block: Buckler           |    11 |    12 ||    23

Levels and vault maps discovered:
D:1:      minmay_arrival_radiant_lines, layout_rooms, serial_shops,
          nicolae_shop_temple_entry_statues_fountains
D:2:      layout_loops_ring, roderic_roman_lattice
D:3:      layout_loops_ring, mainiacjoe_overflow_chevrons, roderic_batcave
D:4:      layout_basic, xom_butterflies, temple_hall, ebering_ghost_rock_garden,
          kennysheep_small_circle, uniq_ijyb
Temple:   jpeg_temple_island

Notes
Turn   | Place    | Note
-------+----------+-------------------------------------------
     0 | D:1      | browni3141 the Ghoul Summoner began the quest for the Orb.
     0 | D:1      | Reached XP level 1. HP: 14/14 MP: 2/2
   372 | D:1      | Found Biobistule's Distillery.
   391 | D:1      | Reached skill level 2 in Spellcasting
   670 | D:1      | Reached XP level 2. HP: 18/20 MP: 0/4
  1336 | D:2      | Reached XP level 3. HP: 22/26 MP: 4/6
  1911 | D:1      | Learned a level 2 spell: Call Imp
  2058 | D:2      | Reached skill level 4 in Summonings
  2425 | D:3      | Reached skill level 1 in Shields
  2425 | D:3      | Reached skill level 3 in Spellcasting
  2425 | D:3      | Reached XP level 4. HP: 20/33 MP: 4/7
  2709 | D:3      | Reached XP level 5. HP: 38/38 MP: 4/8
  2713 | D:3      | Learned a level 3 spell: Call Canine Familiar
  2717 | D:3      | Learned a level 3 spell: Summon Guardian Golem
  2886 | D:3      | Found an ornate altar of the Wu Jian Council.
  3141 | D:3      | Identified the -2 cloak of Parsimonious Lucidity {rElec
                  | rPois rF- rN+}
  3337 | D:4      | Noticed Sabo's ghost (amateur DEAE)
  3337 | D:4      | Found a runed translucent gate.
  3337 | D:4      | Found a runed translucent gate.
  3337 | D:4      | Found a runed translucent gate.
  3348 | D:4      | Reached skill level 2 in Shields
  3530 | D:4      | Found a shimmering altar of Xom.
  3575 | D:4      | Noticed Ijyb
  3992 | D:4      | Reached XP level 6. HP: 45/45 MP: 9/9
  4069 | D:4      | Found a staircase to the Ecumenical Temple.
  4385 | Temple   | Entered the Ecumenical Temple
  4433 | Temple   | Became a worshipper of Kikubaaqudgha
  4562 | D:4      | Paralysed by Ijyb for 3 turns
  4570 | D:4      | Killed Ijyb
  4571 | D:4      | Reached skill level 5 in Summonings
  4627 | D:4      | HP: 1/45 [Sabo's ghost/zap (9)]
  4628 | D:4      | Killed from afar by Sabo's ghost

Vanquished Creatures
  A jelly (D:4)
  2 adders (D:4)
  A worm (D:3)
  A dart slug (D:2)
  4 orcs
  9 bats
  4 endoplasms
  3 giant cockroaches
  2 goblins
  4 hobgoblins
  6 ball pythons
  A frilled lizard (D:2)
  2 kobolds
  4 rats
  A butterfly (D:4)
45 creatures vanquished.

Vanquished Creatures (collateral kills)
  A vampire bat (D:3)
  A jelly (D:4)
  Ijyb (D:4)
  4 adders
  3 worms
  A dart slug (D:1)
  2 goblins
  A hobgoblin (D:2)
  A quokka (D:1)
  A ball python (D:2)
  3 bats (D:3)
  A frilled lizard (D:2)
  A rat (D:2)
21 creatures vanquished.

Vanquished Creatures (others)
  8 fungi (D:3)
8 creatures vanquished.

Grand Total: 74 creatures vanquished

Table legend: (Time is in decaauts)
 A = Elapsed time spent in this place.
 B = Non-inter-level travel time spent in this place.
 C = Inter-level travel time spent in this place.
 D = Time resting spent in this place.
 E = Time spent auto-exploring this place.
 F = Levels seen in this place.
 G = Mean time per level.
                   A        B        C        D        E       F      G
               +--------+--------+--------+--------+--------+-----+--------+
         Total |   4648 |   4288 |    360 |    592 |   2909 |   5 |  929.6 |
       Dungeon |   4564 |   4238 |    326 |    592 |   2874 |   4 | 1141.0 |
        Temple |     83 |     49 |     34 |      0 |     35 |   1 |   83.0 |
               +--------+--------+--------+--------+--------+-----+--------+

Top non-repeatable levels by time:
     D:2: 1344 daAuts
     D:4: 1215 daAuts
     D:1: 1015 daAuts
     D:3: 989 daAuts
  Temple: 83 daAuts

Table legend:
 A = Non-vault XP
 B = Vault XP
 C = Vault XP percentage of total XP
 D = Non-vault monster count
 E = Vault monster count
 F = Vault count percentage of total count
                 A         B        C        D         E       F
            +---------+---------+-------+---------+---------+-------
      Total |     259 |     102 |  28.3 |      54 |      11 |  16.9
            +---------+---------+-------+---------+---------+-------
        D:1 |      10 |       0 |   0.0 |       5 |       0 |   0.0
        D:2 |      61 |       0 |   0.0 |      19 |       0 |   0.0
        D:3 |      51 |      64 |  55.7 |      19 |       9 |  32.1
        D:4 |     137 |      38 |  21.7 |      11 |       2 |  15.4
            +---------+---------+-------+---------+---------+-------
